 Dungeon Crawl Stone Soup version 0.30-a0-50-gb2d611f6b1 (webtiles) character file.

Game seed: 2745579255156246970

173 LnG the Chopper (level 5, -3/47 HPs)
             Began as a Hill Orc Fighter on Sept 5, 2022.
             Killed by nerve-wracking pain
             ... invoked by Grinder
              (14 damage)
             ... on level 3 of the Dungeon.
             The game lasted 00:06:07 (3051 turns).

LnG the Chopper (Hill Orc Fighter)                  Turns: 3051, Time: 00:06:08

Health: -3/47      AC:  8    Str: 21    XL:     5   Next: 53%
Magic:  5/5        EV:  9    Int:  8    God:
Gold:   121        SH:  4    Dex: 10    Spells: 4/4 levels left

rFire   . . .      SeeInvis .    a - +0 war axe
rCold   . . .      Faith    .    c - +0 buckler
rNeg    . . .      Spirit   .    b - +0 scale mail
rPois   .          Reflect  .    (no helmet)
rElec   .          Harm     .    (no cloak)
rCorr   .          Rampage  .    j - +0 pair of gloves
Will    .....                    (no boots)
Stlth   ..........               (no amulet)
HPRegen 0.15/turn                (no ring)
MPRegen 0.09/turn                (no ring)

@: no status effects
A: no striking features
a: no special abilities


You were on level 3 of the Dungeon.
You visited 1 branch of the dungeon, and saw 3 of its levels.

You collected 157 gold pieces.
You spent 36 gold pieces at shops.

Inventory:

Hand Weapons
 a - a +0 war axe (weapon)
Armour
 b - a +0 scale mail (worn)
 c - a +0 buckler (worn)
 j - a +0 pair of gloves (worn)
Scrolls
 d - a scroll of amnesia
 f - a scroll of teleportation {unknown}
 g - a scroll of enchant weapon {unknown}
 h - a scroll of acquirement {unknown}
 k - a scroll of magic mapping
Potions
 e - a potion of lignification
 i - a potion of heal wounds {unknown}


   Skills:
 + Level 4.5 Fighting
 + Level 4.9 Axes
 + Level 4.6 Armour
 + Level 0.3 Dodging
 + Level 0.1 Stealth
 + Level 3.6 Shields


You had 4 spell levels left.
You didn't know any spells.
Your spell library contained the following spells:

 Spells                   Type           Power      Damage    Failure   Level
 Foxfire                  Conj/Fire      0%         2x1d4     83%         1
 Magic Dart               Conj           0%         1d3       83%         1
 Conjure Flame            Conj/Fire      0%         6-21      99%         3


Dungeon Overview and Level Annotations

Branches:
Dungeon (3/15)

Altars:
Nemelex Xobeh

Shops:
D:2 *

Annotations:
D:3 Grinder


Message History

Grinder is moderately wounded.
Grinder hits you but does no damage. x2
You closely miss Grinder.
Grinder is moderately wounded.
Grinder gestures at you.
You suddenly lose the ability to move!
Grinder hits you!
You can move again.
You hit Grinder but do no damage.
Grinder is moderately wounded.
Grinder blinks!
Grinder blinks!
Found a club.
Grinder hits you.
You writhe in agony.
You hit Grinder.
Grinder is moderately wounded.
Grinder gestures at you. You resist with significant effort.
Grinder gestures at you.
You barely resist. You barely miss Grinder.
Grinder is moderately wounded.
Grinder hits you.
You writhe in agony.
You completely miss Grinder.
Grinder is moderately wounded.
Grinder blinks!
You barely miss Grinder.
Grinder is moderately wounded.
Grinder hits you.
You writhe in agony.
Grinder gestures at you. Pain shoots through your body!
* * * LOW HITPOINT WARNING * * *
You hit Grinder but do no damage.
Grinder is moderately wounded.
Grinder hits you but does no damage.
Unknown command.
You barely miss Grinder.
Grinder is moderately wounded.
Grinder gestures at you. Pain shoots through your body!
You die...

#.######
########.#
.....§..
#.....)..#
..≈§≈≈§≈
#........#
.≈≈§≈≈≈.
#........#
.≈≈_...§
##........#
.≈≈≈≈≈≈.
#.........###
..≈≈≈≈≈≈
##....5.......
........
##.....@.#
........
+........#
...#....
###......#
...#....
#......# ..
#.... ...
+......+
...#.... ....
#......#
........
#.....#......#
........
#.....#......#
...###.
#....[#...####
##.


You could see Grinder.

Vanquished Creatures
  Jessica (D:3)
  8 gnolls
  An adder (D:2)
  A worm (D:2)
  2 dart slugs
  3 endoplasms
  5 giant cockroaches
  5 goblins
  2 hobgoblins
  4 quokkas
  6 ball pythons
  7 bats
  2 frilled lizards (D:1)
  5 kobolds
  4 rats (D:1)
56 creatures vanquished.

Vanquished Creatures (others)
  2 plants (D:2)
2 creatures vanquished.

Grand Total: 58 creatures vanquished

Notes
Turn   | Place    | Note
-------+----------+-------------------------------------------
     0 | D:1      | LnG the Hill Orc Fighter began the quest for the Orb.
     0 | D:1      | Reached XP level 1. HP: 19/19 MP: 1/1
   351 | D:1      | Reached XP level 2. HP: 26/27 MP: 2/2
   525 | D:1      | Found a faded altar of an unknown god.
   711 | D:1      | Reached XP level 3. HP: 33/33 MP: 3/3
   983 | D:2      | Found Lege's Assorted Antiques.
  1062 | D:2      | Reached XP level 4. HP: 37/41 MP: 4/4
  1171 | D:2      | Bought a scroll of identify for 36 gold pieces
  1631 | D:2      | Got the Atlas of Battle Magic
  1914 | D:1      | Reached XP level 5. HP: 47/47 MP: 5/5
  2659 | D:3      | Found a sparkling altar of Nemelex Xobeh.
  2707 | D:3      | Noticed Jessica
  2727 | D:3      | Killed Jessica
  3026 | D:3      | Noticed Grinder
  3029 | D:3      | Paralysed by Grinder for 3 turns
  3037 | D:3      | Paralysed by Grinder for 2 turns
  3051 | D:3      | Killed from afar by Grinder

Illustrated notes

Levels and vault maps discovered:
D:1:      amcnicky_arrival_underground_garden, layout_basic,
          shapermc_ecumenical_altar_ellora, minmay_crystal_room, nicolae_titane
D:2:      layout_basic, serial_shops, nicolae_shop_overgrown_old_shop,
          grunt_ministairs_15
D:3:      layout_basic, mainiacjoe_overflow_catwalk, uniq_jessica, uniq_grinder

Skill      XL: |  1  2  3  4 |
---------------+-------------+-----
Axes           | 3 4 |  4.9
Fighting       | 4 |  4.5
Armour         | 4 |  4.6
Dodging        | |  0.3
Stealth        | |  0.1
Shields        | |  3.6

Action                   |  1- 3 |  4- 6 || total
-------------------------+-------+-------++-------
Melee: War axe           |    62 |    90 ||   152
  Use: Potion            |     1 |       ||     1
       Scroll            |       |     4 ||     4
Armor: Scale mail        |    33 |    40 ||    73
Dodge: Dodged            |    33 |    59 ||    92
Block: Buckler           |    20 |    14 ||    34

Table legend: (Time is in decaauts)
 A = Elapsed time spent in this place.
 B = Non-inter-level travel time spent in this place.
 C = Inter-level travel time spent in this place.
 D = Time resting spent in this place.
 E = Time spent auto-exploring this place.
 F = Levels seen in this place.
 G = Mean time per level.
                   A        B        C        D        E       F      G
               +--------+--------+--------+--------+--------+-----+--------+
         Total |   3113 |   3062 |     51 |   1058 |   1341 |   3 | 1037.7 |
       Dungeon |   3113 |   3062 |     51 |   1058 |   1341 |   3 | 1037.7 |
               +--------+--------+--------+--------+--------+-----+--------+

Top non-repeatable levels by time:
     D:2: 1365 daAuts
     D:1: 1312 daAuts
     D:3: 435 daAuts
